 Dungeon Crawl Stone Soup version 0.31-a0-986-g5e6e4ef867 (webtiles) character file.

Game seed: 10752978936335355109

904 AppTheSpectato the Conjurer (level 8, -3/81 HPs)
             Began as a Human Wanderer on Nov 8, 2023.
             Was an Initiate of Sif Muna.
             Slain by an orc
             ... wielding a +0 trident
              (5 damage)
             ... on level 6 of the Dungeon.
             The game lasted 00:23:15 (6702 turns).

AppTheSpectato the Conjurer (Human Wanderer)        Turns: 6702, Time: 00:23:16

Health: -3/81      AC: 24    Str: 11    XL:     8   Next: 29%
Magic:  24/24      EV:  2    Int: 13    God:    Sif Muna [......]
Gold:   288        SH:  0    Dex: 16    Spells: 15/16 levels left

rFire   + . .        q - +4 whip
rCold   x . .        (no shield)
rNeg    . . .        e - melded +0 robe
rPois   +            k - melded +0 hat
rElec   .            (cloak currently unavailable)
rCorr   .            h - melded +0 pair of gloves
SInv    .            (boots currently unavailable)
Will    .....        (no amulet)
Stlth   +            r - ring of magical power
HPRegen 0.33/turn    t - ring of fire
MPRegen 0.19/turn

%: no passive effects
@: tree-form, invisible
A: stationary, stasis, torment immunity, boosted hp
a: Renounce Religion


You were on level 6 of the Dungeon.
You worshipped Sif Muna.
Sif Muna was noncommittal.
You were a tree.
You visited 2 branches of the dungeon, and saw 7 of its levels.

You collected 288 gold pieces.

Inventory:

Hand Weapons
 q - a +4 whip (weapon)
Missiles
 A - 3 silver javelins
Armour
 e - a +0 robe (melded)
 h - a +0 pair of gloves (melded)
 k - a +0 hat (melded)
Jewellery
 r - a ring of magical power (left branch)
 t - a ring of fire (right branch)
 w - a ring of willpower
Wands
 B - a wand of paralysis (6)
Scrolls
 d - 2 scrolls of fear
 g - 2 scrolls of noise
 i - a scroll of brand weapon {unknown}
 j - 4 scrolls of teleportation {unknown}
 n - a scroll of enchant weapon {unknown}
 o - a scroll of butterflies
 p - a scroll of vulnerability {unknown}
 s - 3 scrolls of amnesia {unknown}
 y - a scroll of acquirement {unknown}
 C - a scroll of fog {unknown}
Potions
 a - 2 potions of mutation
 b - 4 potions of brilliance
 c - a potion of might
 f - a potion of haste
 l - a potion of enlightenment
 m - a potion of attraction
 u - 2 potions of resistance
 v - a potion of lignification


   Skills:
 - Level 1.0 Fighting
 - Level 1.0 Dodging
 - Level 2.0 Shields
 - Level 3.0 Unarmed Combat
 + Level 4.6 Spellcasting
 + Level 5.0 Conjurations
 + Level 5.0 Fire Magic
 - Level 1.0 Invocations


You had 15 spell levels left.
You knew the following spells:

 Your Spells              Type           Power      Damage    Failure   Level
a - Foxfire               Conj/Fire      96%        2x1d8     2%          1

Your spell library contained the following spells:

 Spells                   Type           Power      Damage    Failure   Level
 Apportation              Tloc           6%         N/A       19%         1
 Dazzling Flash           Conj/Hex       18%        N/A       21%         3
 Hailstorm                Conj/Ice       9%         3d4       21%         3
 Inner Flame              Hex/Fire       14%        N/A       21%         3
 Volatile Blastmotes      Fire/Tloc      28%        2d12      21%         3
 Sticky Flame             Conj/Fire      24%        2d5       24%         4
 Ensorcelled Hibernation  Hex/Ice        6%         N/A       28%         2
 Jinxbite                 Hex            6%         N/A       28%         2
 Ignite Poison            Fire/Tmut/Pois 11%        N/A       28%         3
 Anguish                  Hex/Necr       1%         N/A       88%         4
 Summon Ice Beast         Ice/Summ       3%         N/A       88%         4
 Starburst                Conj/Fire      12%        6d5       98%         6
 Alistair's Intoxication  Tmut/Pois      2%         N/A       99%         5
 Simulacrum               Ice/Necr       1%         N/A       100%        6
 Ignition                 Fire           12%        3d6       100%        8
 Maxwell's Capacitive Co  Air            1%         ∞         100%        8


Dungeon Overview and Level Annotations

Branches:
Dungeon (6/15)             Temple (1/1) D:4

Altars:
Cheibriados
Fedhas
Gozag
Kikubaaqudgha
Makhleb
Nemelex Xobeh
Okawaru
Qazlal
Ru
Sif Muna
Trog
Uskayaw
Vehumet
Wu Jian
Xom


Message History

You feel less confused.
You feel sick. The scorpion stings you.
* * * LOW HITPOINT WARNING * * *
The orc hits you but does no damage. x2
You feel sick.
The scorpion stings you but does no damage.
The orc hits you but does no damage. x2
The scorpion stings you but does no damage.
You feel sick. The orc hits you but does no damage. x2
The scorpion barely misses you.
You feel sick. The orc hits you but does no damage. The orc barely misses you.
The scorpion stings you but does no damage.
You feel sick.
You are no longer poisoned.
The orc hits you but does no damage.
The scorpion stings you but does no damage.
The orc hits you but does no damage.
The scorpion stings you but does no damage.
The orc hits you but does no damage. x2
The scorpion stings you but does no damage.
The orc hits you but does no damage. x2; The scorpion completely misses you.
The orc hits you but does no damage. x2
The scorpion stings you but does no damage.
The orc hits you but does no damage. x2; The scorpion completely misses you.
The scorpion barely misses you. The orc hits you but does no damage. x2
The scorpion stings you.
* * * LOW HITPOINT WARNING * * *
The orc hits you but does no damage. x2
The scorpion stings you but does no damage.
The orc barely misses you.
The orc hits you from afar with a +0 trident.
* * * LOW HITPOINT WARNING * * *
The scorpion stings you.
* * * LOW HITPOINT WARNING * * *
You catch the helpless scorpion completely off-guard!
You hit the scorpion.
The scorpion is severely wounded.
The orc hits you but does no damage.
The orc hits you from afar with a +0 trident.
You die...

########............+
...........#..#######
###........####
..............#######..
.....#####.#.#.........
.....# .....#)#####..#
.....# ###.###'####
.....# #.....s..#
.....# #....o.♣.#
.....# ..'......o.#
##..## ###........# ..#
#........# ..#
#####..... #######


You could see a scorpion (unable to see you) and 2 orcs.

Vanquished Creatures
  2 water moccasins (D:5)
  An orc warrior (D:5)
  A centaur (D:5)
  2 scorpions (D:5)
  3 iguanas
  A sleepcap (D:5)
  2 orc wizards
  6 gnolls
  6 adders
  A shadow imp (D:5)
  2 adder zombies (D:2)
  3 adder skeletons (D:2)
  A worm (D:3)
  3 dart slugs
  7 orcs
  8 ball pythons
  3 endoplasms
  2 giant cockroaches
  12 goblins
  8 hobgoblins
  7 jackals
  7 quokkas
  A ball python skeleton (D:2)
  A ball python zombie (D:2)
  4 bats
  2 frilled lizards
  A jackal skeleton (D:2)
  7 kobolds
  A quokka skeleton (D:2)
  7 rats
112 creatures vanquished.

Vanquished Creatures (others)
  471 foxfires
471 creatures vanquished.

Grand Total: 583 creatures vanquished

Notes
Turn   | Place    | Note
-------+----------+-------------------------------------------
     0 | D:1      | AppTheSpectato the Human Wanderer began the quest for the
                  | Orb.
     0 | D:1      | AppTheSpectato set off with the following items: a +0
                  | dagger, a potion of brilliance, a +0 buckler, a scroll of
                  | fear, a +0 robe, a potion of haste; and the following spell
                  | memorised: Foxfire; and the following spells available to
                  | memorise: Inner Flame.
     0 | D:1      | Reached XP level 1. HP: 15/15 MP: 2/2
     9 | D:1      | Noticed an electric eel
   144 | D:1      | Reached XP level 2. HP: 20/21 MP: 0/3
   364 | D:1      | Reached skill level 1 in Conjurations
   730 | D:1      | Reached XP level 3. HP: 26/26 MP: 2/5
  1362 | D:2      | Reached XP level 4. HP: 32/32 MP: 2/6
  2027 | D:2      | Reached XP level 5. HP: 34/37 MP: 1/8
  2211 | D:2      | Found a faded altar of an unknown god.
  2241 | D:2      | Found a burning altar of Makhleb.
  2771 | D:3      | Found a stormy altar of Qazlal.
  3025 | D:3      | Found an opulent altar of Gozag.
  3497 | D:3      | HP: 1/37 [iguana (2)]
  4063 | D:4      | Found a staircase to the Ecumenical Temple.
  4129 | Temple   | Entered the Ecumenical Temple
  4219 | Temple   | Became a worshipper of Sif Muna the Loreminder
  4284 | D:4      | Reached XP level 6. HP: 31/43 MP: 10/10
  5188 | D:4      | Found a hide-covered altar of Uskayaw.
  5391 | D:5      | Entered Level 5 of the Dungeon
  5429 | D:5      | Noticed a water moccasin
  5447 | D:5      | Killed a water moccasin
  5616 | D:5      | Reached XP level 7. HP: 48/48 MP: 12/12
  6220 | D:5      | Reached XP level 8. HP: 53/54 MP: 14/14
  6366 | D:5      | Reached skill level 5 in Conjurations
  6366 | D:5      | Reached skill level 5 in Fire Magic
  6466 | D:5      | Found a sacrificial altar of Ru.
  6466 | D:5      | Found an ornate altar of the Wu Jian Council.
  6685 | D:6      | HP: 4/81 [poisoned by a scorpion]
  6701 | D:6      | HP: 2/81 [scorpion (5)]
  6702 | D:6      | Slain by an orc

Illustrated notes

Levels and vault maps discovered:
D:1:      arrival_aquarium_a, layout_basic, minmay_misc_feat_four_crosses
D:2:      layout_loops_ring, serial_undead, serial_undead_e, serial_undead_f,
          serial_undead_b, serial_undead_d, serial_undead_f,
          dreamdust_ecumenical_altar_sealed_demon, basic_altar,
          minmay_pentomino_s4
D:3:      layout_basic, lemuel_round_altar, mainiacjoe_overflow_alcove_4
D:4:      layout_basic, kennysheep_mini, minmay_temple_entry_ruins,
          minmay_a_box_with_orc_wizards_in_it
D:5:      layout_cave_pools, gammafunk_temple_overflow_pools,
          kennysheep_pointless_box, nicolae_nh_ransacked_shop
D:6:      kennysheep_big_flooded_room, layout_basic, serial_shops, shop,
          uniq_grinder, uniq_prince_ribbit1
Temple:   dpeg_chambers_temple

Skill      XL: |  1  2  3  4  5  6  7  8 |
---------------+-------------------------+-----
Conjurations   | 1 2 3 4 5 |  5.0
Fire Magic     | 2 3 4 5 |  5.0
Spellcasting   | 2 3 4 |  4.6
Fighting       | |  1.0
Dodging        | |  1.0
Shields        | |  2.0
Unarmed Combat | |  3.0
Invocations    | |  1.0

Action                     |  1- 3 |  4- 6 |  7- 9 || total
---------------------------+-------+-------+-------++-------
  Melee: Unarmed           |    14 |       |       ||    14
         Punch             |     1 |       |     1 ||     2
         Short sword       |    12 |     5 |       ||    17
         Whip              |       |    40 |     9 ||    49
   Cast: Foxfire           |    47 |   145 |    85 ||   277
    Use: Scroll            |       |     9 |       ||     9
         Potion            |       |     6 |     3 ||     9
   Stab: Invisible         |       |       |     1 ||     1
 Armour: Robe              |    13 |    57 |    24 ||    94
         Skin              |       |       |    46 ||    46
  Dodge: Dodged            |    14 |    40 |    26 ||    80

Table legend: (Time is in decaauts)
 A = Elapsed time spent in this place.
 B = Non-inter-level travel time spent in this place.
 C = Inter-level travel time spent in this place.
 D = Time resting spent in this place.
 E = Time spent auto-exploring this place.
 F = Levels seen in this place.
 G = Mean time per level.
                   A        B        C        D        E       F      G
               +--------+--------+--------+--------+--------+-----+--------+
         Total |   6699 |   6368 |    331 |    369 |   5105 |   7 |  957.0 |
       Dungeon |   6588 |   6365 |    223 |    369 |   5105 |   6 | 1098.0 |
        Temple |    111 |      3 |    108 |      0 |      0 |   1 |  111.0 |
               +--------+--------+--------+--------+--------+-----+--------+

Top non-repeatable levels by time:
     D:3: 1591 daAuts
     D:4: 1425 daAuts
     D:2: 1417 daAuts
     D:5: 1078 daAuts
     D:1: 987 daAuts
  Temple: 111 daAuts
     D:6: 87 daAuts
